 Dungeon Crawl Stone Soup version 0.32-a0-818-gb728d0252e (webtiles) character file.

Game seed: 14946317926051121420

471 greenreed the Shooter (level 7, -3/52 HPs)
             Began as a Coglin Hexslinger on Mar 23, 2024.
             Slain by Menkaure (22 damage)
             ... on level 4 of the Dungeon.
             The game lasted 00:04:36 (3247 turns).

greenreed the Shooter (Coglin Hexslinger)           Turns: 3247, Time: 00:04:36

Health: -3/52      AC:  2    Str:  9    XL:     7   Next: 9%
Magic:  8/8        EV: 12    Int: 12    God:
Gold:   227        SH:  0    Dex: 18    Spells: 8/8 levels left

rFire   . . .        a - +1 sling {Rafael}
rCold   . . .        d - -2 sling {Javier}
rNeg    . . .        c - +0 robe
rPois   .            (no helmet)
rElec   .            (no cloak)
rCorr   .            (no gloves)
SInv    .            (no boots)
Will    .....        (amulet unavailable)
Stlth   ++           (ring unavailable)
HPRegen 0.28/turn    (ring unavailable)
MPRegen 0.11/turn    (no gizmo)

%: no passive effects
@: revved
A: off-hand wielding, slow wielding, warmup strikes, no jewellery
a: Invent Gizmo


You were on level 4 of the Dungeon.
You visited 1 branch of the dungeon, and saw 5 of its levels.

You collected 227 gold pieces.

Inventory:

Hand Weapons
 a - a +1 sling (weapon) {Rafael}
 d - a -2 sling (offhand) {Javier}
Armour
 c - a +0 robe (worn)
 m - a scarf of shadows
Scrolls
 b - 2 scrolls of poison
 e - a scroll of fog {unknown}
 g - 2 scrolls of revelation {unknown}
 i - 2 scrolls of identify {unknown}
 j - 2 scrolls of teleportation {unknown}
 k - 4 scrolls of blinking {unknown}
 n - a scroll of noise {unknown}
 p - 4 scrolls of immolation {unknown}
 q - a scroll of silence {unknown}
 r - a scroll of fear {unknown}
Potions
 f - a potion of heal wounds {unknown}
 h - 2 potions of curing {unknown}
 l - 2 potions of brilliance {unknown}
 o - a potion of resistance {unknown}


   Skills:
 + Level 3.2 Fighting
 * Level 4.4 Ranged Weapons
 + Level 3.3 Dodging
 - Level 1.0 Spellcasting
 + Level 3.9 Hexes
 - Level 0.8 Fire Magic


You had 8 spell levels left.
You didn't know any spells.
Your spell library contained the following spells:

 Spells                   Type           Power      Damage    Failure   Level
 Jinxbite                 Hex            20%        N/A       9%          2
 Sigil of Binding         Hex            10%        N/A       19%         3
 Scorch                   Fire           4%         2d5       32%         2
 Inner Flame              Hex/Fire       6%         N/A       34%         3
 Cause Fear               Hex            5%         N/A       52%         4
 Dimensional Bullseye     Hex/Tloc       2%         N/A       80%         4
 Flame Wave               Conj/Fire      1%         2d4       94%         4
 Conjure Ball Lightning   Conj/Air       0%         3x3d6     100%        6
 Summon Cactus Giant      Summ           0%         N/A       100%        6
 Discord                  Hex            5%         N/A       100%        8
 Disjunction              Tloc           0%         N/A       100%        8


Dungeon Overview and Level Annotations

Branches:
Dungeon (5/15)
 Temple: D:4-7

Altars:
Ru

Shops:
D:1 [

Annotations:
D:4 Menkaure


Innate Abilities, Weirdness & Mutations

You can wield a second weapon in your off-hand.
It takes a long time for you to wield or remove held weapons.
Your first few attacks do less damage.
You cannot equip rings or amulets.


Message History

You shoot a sling bullet. The sling bullet hits Menkaure.
Menkaure is lightly damaged.
There is a stone staircase leading up, spattered with blood here.
You shoot a sling bullet. The sling bullet hits Menkaure.
Menkaure is moderately damaged.
You shoot a sling bullet. The sling bullet hits Menkaure.
Menkaure is moderately damaged.
You shoot a sling bullet. The sling bullet hits Menkaure.
Menkaure is heavily damaged.
You shoot a sling bullet.
The sling bullet barely misses Menkaure.
Menkaure hits you! Menkaure closely misses you.
You climb upwards.
There is a stone staircase leading down here.
You shoot a sling bullet. The sling bullet hits Menkaure!
Menkaure is severely damaged.
You shoot a sling bullet.
The sling bullet hits Menkaure but does no damage.
Menkaure is severely damaged.
Menkaure hits you.
You shoot a sling bullet.
The sling bullet barely misses Menkaure.
You shoot a sling bullet.
The sling bullet barely misses Menkaure.
Menkaure completely misses you.
You shoot a sling bullet.
The sling bullet barely misses Menkaure.
You shoot a sling bullet.
The sling bullet barely misses Menkaure.
Menkaure calls on the powers of darkness!
Your body is wracked with pain!
Menkaure closely misses you.
You are too injured to fight recklessly!
You are too injured to fight recklessly!
You are too injured to fight recklessly!
You shoot a sling bullet.
The sling bullet barely misses Menkaure.
You shoot a sling bullet.
The sling bullet barely misses Menkaure.
Menkaure hits you!!
You die...

##.# #.# ...# #.# ...# #.########
##.# #.#....).# ...# #.#.####.#
##.# #####.#.####.######
...#####.....#.##........#
.........#####.##.#.####.# #####
...########.....@M..# #.# #(...
...# #.####..### #.# #.... ##.##
#####.####..# #.####.... #...#
#...........### #......... #...#
#.###.#.......#########.... #...#
#.#...#.##[##.......###....
#...###..........##..............
..............##.##.......#####..
..........................#####..


You could see Menkaure (fast).

Vanquished Creatures
  2 phantoms
  A bombardier beetle (D:3)
  An orc priest (D:3)
  A hound (D:4)
  Jessica (D:2)
  An iguana (D:4)
  8 adders
  A white imp (D:4)
  A ribbon worm (D:4)
  3 dart slugs
  6 orcs
  6 bats
  7 endoplasms
  5 giant cockroaches
  13 goblins
  2 hobgoblins
  2 jackals (D:1)
  10 kobolds
  6 quokkas
  6 ball pythons
  2 frilled lizards
  4 rats
89 creatures vanquished.

Notes
Turn   | Place    | Note
-------+----------+-------------------------------------------
     0 | D:1      | greenreed the Coglin Hexslinger began the quest for the
                  | Orb.
     0 | D:1      | Reached XP level 1. HP: 15/15 MP: 2/2
   185 | D:1      | Reached skill level 2 in Ranged Weapons
   193 | D:1      | Reached XP level 2. HP: 21/21 MP: 3/3
   404 | D:1      | Reached XP level 3. HP: 26/26 MP: 4/4
   418 | D:1      | Found Sygiedao's Antique Armour Emporium.
   733 | D:2      | Found a sacrificial altar of Ru.
   932 | D:2      | You fall into a shaft and drop 1 floor!
   945 | D:3      | Reached XP level 4. HP: 26/33 MP: 5/5
  1160 | D:3      | Reached skill level 3 in Ranged Weapons
  1289 | D:3      | Reached XP level 5. HP: 36/38 MP: 6/6
  1564 | D:2      | Noticed Jessica
  1572 | D:2      | Killed Jessica
  2232 | D:4      | Reached XP level 6. HP: 46/46 MP: 7/7
  2749 | D:4      | Reached skill level 4 in Ranged Weapons
  3062 | D:5      | Entered Level 5 of the Dungeon
  3145 | D:5      | Reached XP level 7. HP: 37/52 MP: 8/8
  3233 | D:5      | Noticed Menkaure
  3247 | D:4      | Slain by Menkaure

Illustrated notes

Levels and vault maps discovered:
D:1:      dpeg_chamrin_arrival_tetris, layout_loops_ring, serial_shops,
          nicolae_diamond_shop
D:2:      layout_loops_ring, basic_altar, uniq_jessica
D:3:      layout_basic, feat_on_display
D:4:      layout_loops_cross
D:5:      layout_basic, nzn_wu_jian_contemplation,
          minmay_temple_entry_proselytizer, minmay_misc_feat_five, minivault_27,
          uniq_menkaure

Skill      XL: |  1  2  3  4  5  6 |
---------------+-------------------+-----
Ranged Weapons | 2 3 4 |  4.4
Dodging        | 2 3 |  3.3
Hexes          | 3 |  3.9
Fighting       | 2 3 |  3.2
Spellcasting   | |  1.0
Fire Magic     | |  0.8

Action                     |  1- 3 |  4- 6 |  7- 9 || total
---------------------------+-------+-------+-------++-------
   Fire: Sling             |   168 |   314 |    22 ||   504
 Armour: Robe              |     7 |    49 |     3 ||    59
  Dodge: Dodged            |    14 |    36 |     3 ||    53

Table legend: (Time is in decaauts)
 A = Elapsed time spent in this place.
 B = Non-inter-level travel time spent in this place.
 C = Inter-level travel time spent in this place.
 D = Time resting spent in this place.
 E = Time spent auto-exploring this place.
 F = Levels seen in this place.
 G = Mean time per level.
                   A        B        C        D        E       F      G
               +--------+--------+--------+--------+--------+-----+--------+
         Total |   3309 |   3159 |    150 |     61 |   2626 |   5 |  661.8 |
       Dungeon |   3309 |   3159 |    150 |     61 |   2626 |   5 |  661.8 |
               +--------+--------+--------+--------+--------+-----+--------+

Top non-repeatable levels by time:
     D:3: 941 daAuts
     D:4: 918 daAuts
     D:1: 726 daAuts
     D:2: 603 daAuts
     D:5: 119 daAuts
